[Event "January 9 Late 2024"]
[Site "https://www.chess.com"]
[Date "2024.01.09"]
[Round "4"]
[White "Svane, Rasmus"]
[Black "Mikaelyan, Arman"]
[Result "0-1"]
[Board "17"]
[TimeControl "180+1"]
[WhiteFideId "4657101"]
[BlackFideId "13304852"]
[WhiteElo "3017"]
[BlackElo "2831"]
[WhiteTeam "GER"]
[BlackTeam "ARM"]
[WhiteClock "0:00:00"]
[BlackClock "0:00:09"]

1. Nf3 Nf6 2. g3 g6 3. Bg2 Bg7 4. O-O O-O 5. d4 d6 6. Re1 Nc6 7. d5 Nb4 8. e4 c6 9. a3 Na6 10. dxc6 bxc6 11. e5 Nd5 12. Nbd2 Nc5 13. Nc4 Ba6 14. Ne3 Nxe3 15. Bxe3 Na4 16. b3 Nc3 17. Qd2 Ne4 18. Qb4 d5 19. Rad1 Qc7 20. Bc5 Rab8 21. Qd4 Rb5 22. b4 Nxc5 23. bxc5 Qa5 24. Bf1 Rb7 25. Bxa6 Qxa6 26. Rd3 Rfb8 27. Kg2 h6 28. h4 e6 29. h5 g5 30. Nh2 Rb1 31. Rxb1 Rxb1 32. Ng4 Qa5 33. Re3 Qb5 34. Rd3 Re1 35. Nf6+ Kf8 36. Rb3 Qf1+ 37. Kf3 Bxf6 38. Rb8+ Bd8 39. Rxd8+ Ke7 0-1

[Event "January 9 Late 2024"]
[Site "https://www.chess.com"]
[Date "2024.01.09"]
[Round "4"]
[White "Martinez Alcantara, Jose Eduardo"]
[Black "Karacsonyi, Gellert"]
[Result "1/2-1/2"]
[Board "18"]
[TimeControl "180+1"]
[WhiteFideId "3805662"]
[BlackFideId "764620"]
[WhiteElo "3013"]
[BlackElo "2772"]
[WhiteTeam "PER"]
[BlackTeam "HUN"]
[WhiteClock "0:00:21"]
[BlackClock "0:00:28"]

1. e4 c5 2. Nf3 Nc6 3. c3 Nf6 4. Bd3 d6 5. h3 g6 6. Bc2 Bg7 7. O-O O-O 8. d4 cxd4 9. cxd4 e6 10. Nc3 d5 11. e5 Nd7 12. Bg5 Qb6 13. Rb1 a6 14. Qd2 f6 15. exf6 Nxf6 16. Be3 Bd7 17. Ne5 Qc7 18. Nxc6 Bxc6 19. Bh6 Rae8 20. Rfe1 Bxh6 21. Qxh6 Qg7 22. Qd2 Nh5 23. Re5 Nf4 24. Rbe1 Bd7 25. R1e3 Rf7 26. Ne2 Ref8 27. Nxf4 Rxf4 28. f3 Qf6 29. a4 Qh4 30. Rd3 Qg3 31. Ree3 Rc8 32. Bd1 Rh4 33. Kf1 e5 34. dxe5 Rxh3 35. Qf2 Rh1+ 36. Ke2 1/2-1/2

[Event "January 9 Late 2024"]
[Site "https://www.chess.com"]
[Date "2024.01.09"]
[Round "4"]
[White "Xiong, Jeffery"]
[Black "Tristan, Leonardo"]
[Result "1-0"]
[Board "19"]
[TimeControl "180+1"]
[WhiteFideId "2047640"]
[BlackFideId "113816"]
[WhiteElo "3013"]
[BlackElo "2765"]
[WhiteTeam "USA"]
[BlackTeam "ARG"]
[WhiteClock "0:00:45"]
[BlackClock "0:00:00"]

1. d4 d5 2. c4 e6 3. Nf3 Nf6 4. Nc3 h6 5. g3 Bd6 6. Bg2 O-O 7. O-O Nc6 8. b3 Re8 9. Bb2 dxc4 10. bxc4 e5 11. e3 exd4 12. exd4 Bf5 13. Nb5 Be4 14. Nxd6 Qxd6 15. Re1 Bxf3 16. Rxe8+ Rxe8 17. Bxf3 Rd8 18. d5 Ne5 19. Be2 c6 20. Qd4 Re8 21. Rd1 c5 22. Qc3 Ne4 23. Qe3 Ng5 24. Kg2 Re7 25. Qf4 f6 26. Bg4 Nef7 27. Qf5 Ne5 28. Qc8+ Kh7 29. Be2 Nef7 30. Bd3+ Ne4 31. f3 Qb6 32. Ba3 Nd6 33. Qxc5 Qa6 34. fxe4 1-0

[Event "January 9 Late 2024"]
[Site "https://www.chess.com"]
[Date "2024.01.09"]
[Round "4"]
[White "Ivanisevic, Ivan"]
[Black "Hakobyan, Aram"]
[Result "0-1"]
[Board "20"]
[TimeControl "180+1"]
[WhiteFideId "912417"]
[BlackFideId "13306677"]
[WhiteElo "2760"]
[BlackElo "3007"]
[WhiteTeam "SRB"]
[BlackTeam "ARM"]
[WhiteClock "0:00:01"]
[BlackClock "0:00:30"]

1. d4 Nf6 2. Nf3 e6 3. Bg5 h6 4. Bxf6 Qxf6 5. e4 d6 6. c3 g6 7. a4 Bg7 8. a5 O-O 9. Na3 a6 10. Nc2 Qe7 11. Ne3 Nd7 12. Bc4 b5 13. axb6 cxb6 14. h4 Bb7 15. Qc2 b5 16. Ba2 Kh8 17. h5 g5 18. Bb1 Nf6 19. e5 Ne4 20. Nd2 f5 21. exf6 Nxf6 22. O-O Qf7 23. Ng4 Bd5 24. f4 gxf4 25. Rxf4 Ra7 26. Nxf6 Bxf6 27. Ne4 Qg7 28. Nxf6 Rxf6 29. Rxf6 Qxf6 30. Rxa6 Rg7 31. Rxd6 Rxg2+ 32. Qxg2 Bxg2 33. Kxg2 Qg5+ 34. Kf3 Qxh5+ 35. Ke3 Qh3+ 36. Ke2 Qh2+ 0-1

[Event "January 9 Late 2024"]
[Site "https://www.chess.com"]
[Date "2024.01.09"]
[Round "4"]
[White "Korchmar, Vasiliy"]
[Black "Shankland, Sam"]
[Result "1-0"]
[Board "21"]
[TimeControl "180+1"]
[WhiteFideId "24131750"]
[BlackFideId "2004887"]
[WhiteElo "2738"]
[BlackElo "2998"]
[WhiteTeam "RUS"]
[BlackTeam "USA"]
[WhiteClock "0:00:03"]
[BlackClock "0:00:16"]

1. e4 c5 2. d4 cxd4 3. Qxd4 Nc6 4. Qd3 g6 5. Nc3 Bg7 6. Nf3 Nf6 7. Be2 d6 8. O-O O-O 9. Nd5 Be6 10. c3 Rc8 11. Bg5 Nd7 12. Qe3 Re8 13. h4 Nf6 14. Rad1 Ng4 15. Qc1 h6 16. Bf4 h5 17. Ng5 Bxd5 18. Bxg4 Bxa2 19. Bxc8 Qxc8 20. Qc2 Bc4 21. Rfe1 Qg4 22. Bg3 Rc8 23. b3 Ba6 24. Qd2 Bf6 25. c4 Nd4 26. Re3 Bxg5 27. hxg5 e5 28. Rd3 h4 29. Rxd4 exd4 30. Bxd6 Re8 31. f3 Qe6 32. Qxd4 h3 33. Qf6 hxg2 34. Kxg2 Qxf6 35. gxf6 Rd8 36. e5 Rd7 37. f4 b6 38. Kf3 Bb7+ 39. Ke3 Bg2 40. f5 Bh3 41. fxg6 fxg6 42. Kf4 Bf5 43. b4 Rh7 44. c5 Rh4+ 45. Ke3 Rxb4 46. c6 Rc4 47. c7 Kf7 48. Rh1 g5 49. Rh8 g4 50. Rf8+ Kg6 51. Rg8+ Kf7 52. Rg7+ Ke6 53. f7 Re4+ 54. Kd2 Rd4+ 55. Kc3 Rd3+ 56. Kc4 b5+ 57. Kxb5 Kd5 58. f8=Q Rb3+ 59. Ka4 1-0

[Event "January 9 Late 2024"]
[Site "https://www.chess.com"]
[Date "2024.01.09"]
[Round "4"]
[White "Dominguez Perez, Leinier"]
[Black "Nagare Kaivalya Sandip"]
[Result "1-0"]
[Board "22"]
[TimeControl "180+1"]
[WhiteFideId "3503240"]
[BlackFideId "25957929"]
[WhiteElo "2988"]
[BlackElo "2738"]
[WhiteTeam "USA"]
[BlackTeam "IND"]
[WhiteClock "0:00:03"]
[BlackClock "0:00:08"]

1. e4 e5 2. Nf3 Nc6 3. Bb5 a6 4. Ba4 Nf6 5. O-O b5 6. Bb3 Be7 7. a4 Bb7 8. d3 O-O 9. Nc3 b4 10. Nd5 Na5 11. Nxe7+ Qxe7 12. Ba2 c5 13. Nh4 b3 14. Nf5 Qe6 15. cxb3 d5 16. Qd2 Nc6 17. Qg5 g6 18. Be3 dxe4 19. Nh6+ Kg7 20. b4 Qd7 21. dxe4 Nxe4 22. Qh4 Nxb4 23. Rad1 Qc6 24. f3 Nf6 25. Bc4 Nfd5 26. Bd2 Qf6 27. Bg5 Qb6 28. Ng4 h5 29. Bh6+ Kg8 30. Bxf8 Rxf8 31. Nxe5 Ne3 32. Qg5 Nxd1 33. Nxg6 Re8 34. Ne5+ Kf8 35. Nd7# 1-0

[Event "January 9 Late 2024"]
[Site "https://www.chess.com"]
[Date "2024.01.09"]
[Round "4"]
[White "Chigaev, Maksim"]
[Black "Taboas Rodriguez, Daniel"]
[Result "1-0"]
[Board "23"]
[TimeControl "180+1"]
[WhiteFideId "4108116"]
[BlackFideId "2208466"]
[WhiteElo "2983"]
[BlackElo "2579"]
[WhiteTeam "ESP"]
[BlackTeam "ESP"]
[WhiteClock "0:00:12"]
[BlackClock "0:00:04"]

1. c4 Nf6 2. g3 g6 3. Bg2 Bg7 4. Nc3 O-O 5. Nf3 b6 6. O-O Bb7 7. d4 Ne4 8. Nd5 e6 9. Nf4 d5 10. cxd5 exd5 11. h4 Nd7 12. Nd3 Re8 13. Bf4 c5 14. e3 Ba6 15. Re1 Rc8 16. Nde5 Bb7 17. Rc1 Nxe5 18. Nxe5 f6 19. Nf3 c4 20. Nd2 f5 21. Nf3 b5 22. Be5 Bf8 23. h5 Qe7 24. Nh4 Qf7 25. f3 Nf6 26. hxg6 hxg6 27. g4 Nd7 28. f4 Nxe5 29. fxe5 Bh6 30. gxf5 gxf5 31. Qf3 Kh8 32. Nxf5 Bg5 33. Nd6 Qg6 34. Nxb7 Rf8 35. Qh3+ Kg8 36. Nd6 Rc7 37. Bxd5+ Kg7 38. Bg2 Rh8 39. Qf5 Qh5 40. Qf3 Qh2+ 41. Kf1 Rf8 42. Nf5+ Rxf5 43. Qxf5 Rf7 44. Qxf7+ Kxf7 45. Rc2 Bh4 46. Rd1 Ke6 47. Bd5+ Kxd5 48. Rxh2 Bg5 49. Ke2 b4 50. Kf3 c3 51. e4+ Kc4 52. b3+ Kb5 53. Rc2 Ka6 54. d5 Kb7 55. e6 a5 56. e5 Kc7 57. Ke4 Kd8 58. d6 a4 59. Kd5 axb3 60. axb3 Bd2 61. Rf1 Bh6 62. Rf7 Ke8 63. Rb7 Kf8 64. e7+ Kg8 65. e8=Q+ Bf8 66. Rg2+ Kh8 67. Qxf8# 1-0

[Event "January 9 Late 2024"]
[Site "https://www.chess.com"]
[Date "2024.01.09"]
[Round "4"]
[White "Silva, Kaua Marques"]
[Black "Firouzja, Alireza"]
[Result "0-1"]
[Board "24"]
[TimeControl "180+1"]
[WhiteFideId "22701168"]
[BlackFideId "12573981"]
[WhiteElo "2583"]
[BlackElo "3161"]
[WhiteTeam "BRA"]
[BlackTeam "FRA"]
[WhiteClock "0:01:23"]
[BlackClock "0:01:58"]

1. e4 c5 2. Nf3 d6 3. d4 cxd4 4. Nxd4 Nf6 5. Nc3 Nc6 6. Bg5 Bd7 7. Qd2 a6 8. O-O-O e6 9. Kb1 Be7 10. f3 Nxd4 11. Qxd4 b5 12. h4 h6 13. Be3 h5 14. Qd2 b4 15. Ne2 a5 16. Bg5 Qc7 17. Nd4 Rb8 18. Rc1 a4 19. c3 bxc3 20. Rxc3 Qb6 21. Be3 Qb7 22. Be2 e5 23. Nc2 Qxb2# 0-1

[Event "January 9 Late 2024"]
[Site "https://www.chess.com"]
[Date "2024.01.09"]
[Round "4"]
[White "Vachier-Lagrave, Maxime"]
[Black "Kadric, Denis"]
[Result "0-1"]
[Board "25"]
[TimeControl "180+1"]
[WhiteFideId "623539"]
[BlackFideId "14403803"]
[WhiteElo "3157"]
[BlackElo "2879"]
[WhiteTeam "FRA"]
[BlackTeam "MNE"]
[WhiteClock "0:00:20"]
[BlackClock "0:00:20"]

1. e4 d6 2. d4 Nf6 3. Nc3 e5 4. Nge2 Nbd7 5. h3 h5 6. g3 c6 7. Bg2 Be7 8. O-O b5 9. a3 Bb7 10. Be3 Qc7 11. Qd2 O-O 12. f4 Rfe8 13. Rad1 Bf8 14. Kh1 a5 15. dxe5 dxe5 16. f5 b4 17. Na4 c5 18. Bg5 Bc6 19. b3 Nxe4 20. Qe3 Nxg5 21. Qxg5 Nf6 22. Nb2 bxa3 23. Nc4 a2 24. Nc3 e4 25. Nxa2 a4 26. Nc3 axb3 27. cxb3 Rab8 28. Rb1 Rb4 29. Na2 Rb7 30. Rfe1 Reb8 31. Nc1 Bd5 32. Ra1 Bxc4 33. bxc4 Qe5 34. Ne2 Rb2 35. Rad1 R8b3 36. Nf4 Bd6 37. Ra1 Rb8 38. Rad1 R2b3 39. Ra1 Rc3 40. Rad1 Rbb3 41. Ne2 Rd3 42. Rxd3 exd3 0-1

[Event "January 9 Late 2024"]
[Site "https://www.chess.com"]
[Date "2024.01.09"]
[Round "4"]
[White "Gokerkan, Cem Kaan"]
[Black "Naroditsky, Daniel"]
[Result "1-0"]
[Board "26"]
[TimeControl "180+1"]
[WhiteFideId "6336760"]
[BlackFideId "2026961"]
[WhiteElo "2814"]
[BlackElo "3150"]
[WhiteTeam "TUR"]
[BlackTeam "USA"]
[WhiteClock "0:00:06"]
[BlackClock "0:00:01"]

1. e4 Nf6 2. e5 Nd5 3. d4 d6 4. c4 Nb6 5. f4 dxe5 6. fxe5 Bf5 7. Nc3 e6 8. Nf3 Bb4 9. Bd3 c5 10. Bxf5 cxd4 11. Nxd4 exf5 12. Nxf5 Qxd1+ 13. Kxd1 O-O 14. Nd5 Rd8 15. Kc2 Nxd5 16. Rd1 Nc6 17. cxd5 Nxe5 18. Bf4 Ng6 19. Bg3 Ne7 20. Nxe7+ Bxe7 21. d6 Rac8+ 22. Kb3 Bf6 23. Rac1 Kf8 24. Rc7 Rxc7 25. dxc7 Rc8 26. Re1 Be7 27. Kc4 f6 28. Kd5 Kf7 29. Bd6 Bf8 30. Bxf8 Rxc7 31. Bd6 Rc2 32. Re7+ Kg6 33. Rxb7 Rxg2 34. Rxa7 Rxb2 35. a4 Kf5 36. a5 g5 37. a6 Ra2 38. Kc4 Ke6 39. Kb3 Rd2 40. Bb8 Rd1 41. Rb7 Ra1 42. a7 Kd5 43. Rb4 Kc6 44. Rc4+ Kb7 45. Re4 h5 46. Re7+ Ka8 47. Rf7 Ra6 48. Kb4 g4 49. Kb5 Re6 50. Bg3 f5 51. Bf2 Re5+ 52. Bc5 Re6 53. Rf8+ 1-0

[Event "January 9 Late 2024"]
[Site "https://www.chess.com"]
[Date "2024.01.09"]
[Round "4"]
[White "Fedoseev, Vladimir"]
[Black "Gritsenko, Nikolai"]
[Result "1-0"]
[Board "27"]
[TimeControl "180+1"]
[WhiteFideId "24130737"]
[BlackFideId "14112493"]
[WhiteElo "3039"]
[BlackElo "2741"]
[WhiteTeam "SLO"]
[BlackTeam "UKR"]
[WhiteClock "0:00:24"]
[BlackClock "0:00:01"]

1. c4 g6 2. d4 Bg7 3. Nc3 c5 4. dxc5 Bxc3+ 5. bxc3 Qa5 6. Qd4 Nf6 7. h3 Nc6 8. Qe3 Ne4 9. Nf3 Nxc5 10. g4 h5 11. Bg2 d6 12. g5 Be6 13. O-O Bxc4 14. Nd4 Qc7 15. Nxc6 bxc6 16. Qd4 O-O 17. Qxc4 Rac8 18. Be3 Nd7 19. Rab1 d5 20. Qd4 Ra8 21. f4 e6 22. c4 c5 23. Qd3 d4 24. Bxa8 Rxa8 25. Qe4 Rb8 26. Rxb8+ Qxb8 27. Rb1 Qd6 28. Bd2 Nb6 29. Qd3 e5 30. fxe5 Qxe5 31. Rf1 Nxc4 32. Bf4 Qd5 33. Qf3 Qd7 34. Rc1 Qe6 35. Qd3 Ne3 36. Bxe3 dxe3 37. Rc3 Qxh3 38. Qxe3 Qg4+ 39. Kh2 Qh4+ 40. Kg2 Qg4+ 41. Kf2 Qf5+ 42. Ke1 Qb1+ 43. Rc1 Qxa2 44. Rxc5 Qb1+ 45. Kf2 Kh7 46. Qf4 Qb3 47. Rc7 Qb6+ 48. e3 Qb2+ 49. Kg3 1-0

[Event "January 9 Late 2024"]
[Site "https://www.chess.com"]
[Date "2024.01.09"]
[Round "4"]
[White "Agibileg, Uurtsaikh"]
[Black "Yoo, Christopher Woojin"]
[Result "0-1"]
[Board "28"]
[TimeControl "180+1"]
[WhiteFideId "4901606"]
[BlackFideId "30909694"]
[WhiteElo "2723"]
[BlackElo "2976"]
[WhiteTeam "MGL"]
[BlackTeam "USA"]
[WhiteClock "0:00:00"]
[BlackClock "0:00:07"]

1. d4 Nf6 2. c4 e6 3. Nc3 d5 4. cxd5 exd5 5. Bg5 Bb4 6. e3 h6 7. Bh4 g5 8. Bg3 Ne4 9. Rc1 h5 10. f3 Nxg3 11. hxg3 c6 12. Bd3 Be6 13. Ne2 Nd7 14. g4 h4 15. Ng3 Qe7 16. Qe2 O-O-O 17. Nf5 Bxf5 18. Bxf5 Kb8 19. Kd2 Nb6 20. Kc2 Bxc3 21. bxc3 Nc4 22. e4 c5 23. Kb1 cxd4 24. cxd4 Rd6 25. Ka1 Rb6 26. Qd3 Qb4 27. Rb1 Qa5 28. exd5 Nd6 29. Rxb6 axb6 30. Rc1 h3 31. gxh3 Rxh3 32. Qc3 Qxd5 33. Qc7+ Ka7 34. Rc3 Qxd4 35. Kb1 Rh1+ 36. Kc2 Qf2+ 37. Kb3 Nb5 0-1

[Event "January 9 Late 2024"]
[Site "https://www.chess.com"]
[Date "2024.01.09"]
[Round "4"]
[White "Salem, A.R. Saleh"]
[Black "Arabidze, Meri"]
[Result "1/2-1/2"]
[Board "29"]
[TimeControl "180+1"]
[WhiteFideId "9301348"]
[BlackFideId "13604040"]
[WhiteElo "2970"]
[BlackElo "2723"]
[WhiteTeam "UAE"]
[BlackTeam "GEO"]
[WhiteClock "0:00:06"]
[BlackClock "0:00:02"]

1. d4 Nf6 2. c4 e6 3. Nc3 d5 4. Nf3 Nbd7 5. Bg5 h6 6. Bh4 Be7 7. e3 O-O 8. Bd3 c5 9. O-O b6 10. cxd5 Nxd5 11. Bg3 Bb7 12. Qe2 cxd4 13. exd4 Rc8 14. Nxd5 Bxd5 15. Ba6 Ra8 16. Rac1 Nf6 17. Bc7 Bxf3 18. Qxf3 Qxd4 19. Bb7 Rae8 20. b3 Nd5 21. Rfd1 Qf6 22. Qxf6 Bxf6 23. Bxd5 exd5 24. Bd6 Be7 25. Rxd5 Bxd6 26. Rxd6 Re7 27. g3 Rfe8 28. Rc3 g6 29. h4 h5 30. Rc4 Kg7 31. Ra4 Rc8 32. Rd2 Rc5 33. Kg2 Rf5 34. Rad4 Rfe5 35. Rd8 Re2 36. Kf3 Rxd2 37. Rxd2 Kf6 38. Kf4 Rc7 39. f3 Ke6 40. Kg5 Rc3 41. Rf2 Rc5+ 42. Kh6 Kf6 43. Rd2 Rc3 44. Rf2 Rc5 45. Kh7 Rc3 46. g4 Rc5 47. Kh6 Rc8 48. g5+ Kf5 49. Kg7 Rc7 50. Rd2 f6+ 51. Kh6 fxg5 52. Rd5+ Kf4 53. Rxg5 Kxf3 54. Rxg6 Rc2 55. Kxh5 Rxa2 56. Rf6+ Ke3 57. Kg6 Rg2+ 58. Kf5 Rh2 59. Kg5 b5 60. Ra6 Kd3 61. Rxa7 Kc3 62. h5 Kxb3 63. h6 b4 64. Kg6 Kb2 65. Ra5 Rxh6+ 66. Kxh6 b3 67. Kg5 Kc2 68. Rc5+ Kd3 69. Rb5 Kc3 70. Kf4 b2 71. Ke3 Kc2 72. Rc5+ Kd1 73. Rd5+ Kc2 74. Rb5 b1=Q 75. Rxb1 Kxb1 1/2-1/2

[Event "January 9 Late 2024"]
[Site "https://www.chess.com"]
[Date "2024.01.09"]
[Round "4"]
[White "Aravindh, Chithambaram VR."]
[Black "Sherman, Raem"]
[Result "1/2-1/2"]
[Board "30"]
[TimeControl "180+1"]
[WhiteFideId "5072786"]
[BlackFideId "2822288"]
[WhiteElo "2936"]
[BlackElo "2651"]
[WhiteTeam "IND"]
[BlackTeam "ISR"]
[WhiteClock "0:00:03"]
[BlackClock "0:00:13"]

1. b3 d5 2. Bb2 c5 3. Nf3 f6 4. c4 d4 5. e3 e5 6. exd4 cxd4 7. Na3 Be6 8. Bd3 Nc6 9. O-O Bd6 10. Re1 Nge7 11. Nb5 Bc5 12. Ba3 Bxa3 13. Nxa3 O-O 14. Be4 a6 15. Nc2 Qd6 16. d3 f5 17. Bxc6 Nxc6 18. b4 e4 19. c5 Qd7 20. dxe4 d3 21. Ne3 fxe4 22. Ng5 Bf5 23. Nxf5 Qxf5 24. Nxe4 Rae8 25. f3 Nxb4 26. Qb3+ Nd5 27. Nd6 Rxe1+ 28. Rxe1 Qg5 29. h4 Qh5 30. g4 d2 31. Rd1 Qe5 32. Qc4 Qg3+ 33. Kh1 Qxf3+ 34. Kh2 Qf2+ 35. Kh1 Qxh4+ 36. Kg1 Qg3+ 37. Kh1 Qf3+ 38. Kh2 Qf2+ 39. Kh1 Qh4+ 40. Kg1 Qg3+ 41. Kh1 Qh3+ 42. Kg1 Qe3+ 43. Kh1 Qf3+ 44. Kg1 Qg3+ 1/2-1/2

[Event "January 9 Late 2024"]
[Site "https://www.chess.com"]
[Date "2024.01.09"]
[Round "4"]
[White "Sanal, Vahap"]
[Black "Olenik Campa, Rudi"]
[Result "1-0"]
[Board "31"]
[TimeControl "180+1"]
[WhiteFideId "6300545"]
[BlackFideId "14633264"]
[WhiteElo "2919"]
[BlackElo "2595"]
[WhiteTeam "TUR"]
[BlackTeam "SLO"]
[WhiteClock "0:02:43"]
[BlackClock "0:01:36"]

1. e4 e6 2. d4 d5 3. Nd2 e5 4. Ngf3 exd4 5. Bd3 dxe4 6. Nxe4 Be7 7. O-O Be6 8. Re1 Nf6 9. Nfg5 O-O 10. Nxf6+ Bxf6 11. Bxh7+ Kh8 12. Qh5 1-0

[Event "January 9 Late 2024"]
[Site "https://www.chess.com"]
[Date "2024.01.09"]
[Round "4"]
[White "Grigoriants, Sergey"]
[Black "Sowa, Ryan"]
[Result "1/2-1/2"]
[Board "32"]
[TimeControl "180+1"]
[WhiteFideId "4130804"]
[BlackFideId "30901693"]
[WhiteElo "2891"]
[BlackElo "2587"]
[WhiteTeam "HUN"]
[BlackTeam "USA"]
[WhiteClock "0:00:05"]
[BlackClock "0:00:12"]

1. d4 b6 2. e4 Bb7 3. Bd3 e6 4. Nf3 d5 5. e5 c5 6. c3 Qc8 7. O-O Ba6 8. Re1 Bxd3 9. Qxd3 Qa6 10. Qe3 Nc6 11. Qf4 Nge7 12. h4 h5 13. a3 c4 14. Nbd2 Nf5 15. Nf1 Be7 16. Ne3 g6 17. Nxf5 gxf5 18. Ng5 Na5 19. Rb1 Nb3 20. Be3 Qb7 21. Qf3 Qd7 22. g3 Qb7 23. Nh3 O-O-O 24. Nf4 Rdg8 25. Nxh5 Bxh4 26. Kg2 Be7 27. Rh1 Qd7 28. Rh3 Qe8 29. Rbh1 Kb7 30. Nf4 Rxh3 31. Rxh3 Kc6 32. Rh6 Qd7 33. Rh7 Qe8 34. Qh5 Rf8 35. Rh6 Kb7 36. Kg1 Ka6 37. Qh1 Qd8 38. Rh7 Bg5 39. Qh5 Bxf4 40. Bxf4 Qe8 41. Bg5 Na5 42. Kg2 Nc6 43. Bf6 Ne7 44. Bxe7 Qxe7 45. Rg7 Qe8 46. Qh7 Qe7 47. Qh5 Ka5 48. Kf1 Ka6 49. Ke1 Qd7 50. Kd2 Qb5 51. Kc1 Qd7 52. Kb1 Qe7 53. Ka2 Ka5 54. f3 Ka6 55. g4 fxg4 56. fxg4 Qe8 57. g5 Ka5 58. Qh7 a6 59. Qh5 Qa4 60. Rxf7 Rxf7 61. Qxf7 Qb3+ 62. Ka1 Qd1+ 63. Ka2 1/2-1/2

[Event "January 9 Late 2024"]
[Site "https://www.chess.com"]
[Date "2024.01.09"]
[Round "4"]
[White "Kozak, Adam"]
[Black "Kokoszczynski, Jan"]
[Result "0-1"]
[Board "33"]
[TimeControl "180+1"]
[WhiteFideId "753246"]
[BlackFideId "1174460"]
[WhiteElo "2886"]
[BlackElo "2579"]
[WhiteTeam "HUN"]
[BlackTeam "POL"]
[WhiteClock "0:00:03"]
[BlackClock "0:00:07"]

1. c4 e5 2. a3 Nc6 3. b4 g6 4. Bb2 Bg7 5. h4 h5 6. e3 d6 7. Nf3 Bg4 8. Be2 Nh6 9. Nc3 O-O 10. Ng5 Kh8 11. Qc2 Bf5 12. d3 a5 13. b5 Nb8 14. Nce4 Nd7 15. O-O-O Qe7 16. f3 c6 17. g4 d5 18. gxf5 Nxf5 19. Nc3 Nxe3 20. Qd2 d4 21. Nce4 f5 22. bxc6 bxc6 23. Ng3 Nc5 24. Kb1 Rfb8 25. Ka2 Rb3 26. Rb1 Rab8 27. Nf1 Na4 28. Nxe3 Nxb2 29. Qxa5 dxe3 30. Bd1 R3b7 31. Bc2 Ra7 32. Qc3 Bf8 33. c5 Bg7 34. f4 exf4 35. d4 e2 36. Bb3 Na4 37. Qd3 Rba8 38. Nf7+ Kh7 39. Ng5+ Kh6 40. Nf7+ Kh7 41. Ng5+ Kh8 42. Rhe1 Nxc5 43. dxc5 Rxa3# 0-1

[Event "January 9 Late 2024"]
[Site "https://www.chess.com"]
[Date "2024.01.09"]
[Round "4"]
[White "Martin Barcelo, Carles"]
[Black "Gledura, Benjamin"]
[Result "0-1"]
[Board "34"]
[TimeControl "180+1"]
[WhiteFideId "24561444"]
[BlackFideId "712779"]
[WhiteElo "2536"]
[BlackElo "2885"]
[WhiteTeam "ESP"]
[BlackTeam "HUN"]
[WhiteClock "0:00:05"]
[BlackClock "0:01:03"]

1. e4 c5 2. Nf3 Nc6 3. Bb5 e6 4. O-O Nge7 5. Re1 Nd4 6. Nxd4 cxd4 7. c3 a6 8. Bf1 Nc6 9. b4 b6 10. a4 Be7 11. Na3 d5 12. e5 O-O 13. b5 axb5 14. axb5 Na5 15. cxd4 f6 16. Bb2 Bd7 17. Bd3 Qe8 18. Qg4 f5 19. Qd1 Rf7 20. Kh1 Bxa3 21. Bxa3 Bxb5 22. Bxb5 Qxb5 23. Bd6 Qc6 24. d3 Rfa7 25. Rg1 Nb7 26. Rxa7 Rxa7 27. Qh5 Nxd6 28. exd6 g6 29. Qg5 Qxd6 30. Rc1 Rc7 31. Rxc7 Qxc7 32. h4 Kg7 33. h5 b5 34. h6+ Kf7 35. Qd2 Qe7 36. g3 g5 37. Qa5 b4 38. Qb6 Kg6 39. Kg2 Kxh6 40. f4 gxf4 41. gxf4 Kh5 42. Qb8 Qg7+ 43. Kf3 Kh4 44. Qd8+ Kh3 45. Qc7 Qxc7 0-1

[Event "January 9 Late 2024"]
[Site "https://www.chess.com"]
[Date "2024.01.09"]
[Round "4"]
[White "Sevian, Samuel"]
[Black "Silvestre, Christian"]
[Result "1-0"]
[Board "35"]
[TimeControl "180+1"]
[WhiteFideId "2040506"]
[BlackFideId "30956269"]
[WhiteElo "3138"]
[BlackElo "2309"]
[WhiteTeam "USA"]
[BlackTeam "USA"]
[WhiteClock "0:01:59"]
[BlackClock "0:00:00"]

1. e4 c6 2. d4 d5 3. e5 a6 4. h4 c5 5. dxc5 Nc6 6. Bf4 Qa5+ 7. c3 Qxc5 8. Nd2 e6 9. Ngf3 Nge7 10. h5 h6 11. Bd3 Qb6 12. Nb3 Na5 13. O-O Nxb3 14. axb3 Bd7 15. Re1 Nc6 16. b4 Be7 17. Qd2 Na7 18. Be3 Qc7 19. Bf4 Bb5 20. Bc2 Rc8 21. Nd4 Bd7 22. Nf5 Bf8 23. Rad1 Nb5 24. Qe3 Rg8 25. Qg3 d4 26. Nxh6 Rh8 27. Nxf7 Kxf7 28. Qg6+ Kg8 29. h6 1-0

[Event "January 9 Late 2024"]
[Site "https://www.chess.com"]
[Date "2024.01.09"]
[Round "4"]
[White "Keymer, Vincent"]
[Black "Xhembulla, Aleksander"]
[Result "1-0"]
[Board "36"]
[TimeControl "180+1"]
[WhiteFideId "12940690"]
[BlackFideId "4705114"]
[WhiteElo "3048"]
[BlackElo "2635"]
[WhiteTeam "GER"]
[BlackTeam "ALB"]
[WhiteClock "0:00:44"]
[BlackClock "0:00:00"]

1. a3 e5 2. c4 g6 3. b4 Bg7 4. Bb2 d6 5. g3 Nc6 6. Bg2 Nf6 7. Nc3 O-O 8. e3 Be6 9. Nd5 Re8 10. Ne2 Rb8 11. O-O Nd7 12. d3 Ne7 13. e4 c6 14. Nxe7+ Qxe7 15. f4 exf4 16. Bxg7 Kxg7 17. gxf4 Bg4 18. Qd2 Bxe2 19. Qxe2 c5 20. Rae1 Nf8 21. Bh3 Ne6 22. Bxe6 Qxe6 23. Qb2+ Kg8 24. f5 Qe5 25. Qf2 gxf5 26. Qxf5 Qxf5 27. Rxf5 b6 28. Ref1 Rb7 29. R1f3 Re6 30. h4 a5 31. b5 Re5 32. Rxe5 dxe5 33. Rf6 Rd7 34. Rxb6 Rxd3 35. Rc6 Rxa3 36. Rxc5 Rb3 37. Kf2 a4 38. Ke2 f6 39. Rc7 a3 40. Kd2 Kf8 41. Rxh7 Rh3 42. b6 Rb3 43. c5 Rb5 44. Ra7 Rxc5 45. b7 Rb5 46. Ra8+ Kg7 47. b8=Q Rxb8 48. Rxb8 Kh6 49. Ra8 Kh5 50. Rxa3 Kxh4 51. Rf3 Kg5 52. Rf5+ Kg6 53. Kd3 Kf7 54. Kc4 Ke7 55. Kc5 Ke6 56. Kc6 Ke7 57. Kd5 Kf7 58. Kd6 Kg6 59. Ke6 Kg7 60. Rxf6 Kg8 61. Rg6+ Kf8 62. Rg5 1-0

[Event "January 9 Late 2024"]
[Site "https://www.chess.com"]
[Date "2024.01.09"]
[Round "4"]
[White "Iturrizaga Bonelli, Eduardo"]
[Black "Martin Fuentes, Alberto"]
[Result "1-0"]
[Board "37"]
[TimeControl "180+1"]
[WhiteFideId "3901211"]
[BlackFideId "2292289"]
[WhiteElo "3027"]
[BlackElo "2623"]
[WhiteTeam "ESP"]
[BlackTeam "ESP"]
[WhiteClock "0:00:09"]
[BlackClock "0:00:20"]

1. c4 Nf6 2. Nc3 c5 3. Nf3 Nc6 4. d4 cxd4 5. Nxd4 d6 6. g3 g6 7. Bg2 Bd7 8. O-O Bg7 9. Nxc6 Bxc6 10. e4 O-O 11. Be3 Qa5 12. Rc1 Rfe8 13. h3 a6 14. b3 Rac8 15. Qe2 Qh5 16. Qd2 Bd7 17. g4 Qa5 18. Rfd1 Bc6 19. Rc2 b5 20. cxb5 axb5 21. Rdc1 Bb7 22. e5 Bxg2 23. exf6 Qa8 24. fxg7 Bh1 25. f4 b4 26. Nd1 Rxc2 27. Rxc2 Be4 28. Rc4 d5 29. Rxb4 Rc8 30. Nc3 Bf3 31. Bd4 h5 32. gxh5 Bxh5 33. f5 Kh7 34. fxg6+ fxg6 35. Rb6 e5 36. Bxe5 d4 37. Qxd4 Qf3 38. Rf6 Qxh3 39. g8=Q+ Rxg8 40. Rf7+ Kh6 41. Bg7+ Kg5 42. Qf4# 1-0

[Event "January 9 Late 2024"]
[Site "https://www.chess.com"]
[Date "2024.01.09"]
[Round "4"]
[White "Caruana, Fabiano"]
[Black "Yang, Kevin"]
[Result "1-0"]
[Board "38"]
[TimeControl "180+1"]
[WhiteFideId "2020009"]
[BlackFideId "30908485"]
[WhiteElo "3014"]
[BlackElo "2622"]
[WhiteTeam "USA"]
[BlackTeam "USA"]
[WhiteClock "0:00:18"]
[BlackClock "0:00:04"]

1. a3 d5 2. g3 Bf5 3. Bg2 e6 4. d3 Nf6 5. Nf3 h6 6. O-O Nbd7 7. Nc3 c6 8. Re1 Bh7 9. e4 dxe4 10. dxe4 e5 11. Qe2 Qc7 12. Nh4 Bc5 13. Nf5 O-O 14. g4 Rfe8 15. Qf3 a5 16. Ne2 Bg6 17. Neg3 Rad8 18. h4 Nh7 19. Bxh6 gxh6 20. Nxh6+ Kg7 21. g5 Ndf8 22. Qg4 Ne6 23. c3 Rd2 24. Re2 Rxe2 25. Nxe2 Rd8 26. b4 Ba7 27. c4 axb4 28. axb4 Bd4 29. Rf1 b5 30. c5 Ra8 31. Kh1 Ra2 32. Nf5+ Bxf5 33. exf5 Nf4 34. f6+ Kf8 35. Nxf4 exf4 36. Qh5 Nxf6 37. Qh8+ Ng8 38. Qxd4 Re2 39. Qd3 Re5 40. Rd1 Kg7 41. Qd4 Qe7 42. Qxf4 Re6 43. Rd6 Re1+ 44. Kh2 Qe5 45. Qxe5+ Rxe5 46. Rxc6 Re2 47. Rb6 Rxf2 48. Rxb5 Rf4 49. Kg3 Rc4 50. c6 Ne7 51. Rc5 Rxb4 52. c7 Rb3+ 53. Kh2 Rb2 54. c8=Q Nxc8 55. Rxc8 Rb4 56. Kg3 1-0